 Dungeon Crawl Stone Soup version 0.29-a0-555-g3b24f45cc1 (webtiles) character file.

Game seed: 11591434802784128520

46 Meatmasher the Chiller (level 3, -1/27 HPs)
             Began as a Draconian Ice Elementalist on June 8, 2022.
             Was a Believer of Uskayaw.
             Succumbed to an adder's poison
             ... on level 2 of the Dungeon.
             The game lasted 00:26:46 (2113 turns).

Meatmasher the Chiller (Draconian Ice Elementalist) Turns: 2113, Time: 00:26:47

Health: -1/27      AC:  5    Str: 10    XL:     3   Next: 44%
Magic:  3/6        EV: 12    Int: 17    God:    Uskayaw [**....]
Gold:   61         SH:  0    Dex: 11    Spells: 5/6 levels left

rFire   . . .      SeeInvis .   f - +0 dagger
rCold   . . .      Faith    .   (no shield)
rNeg    . . .      Spirit   .   (body armour unavailable)
rPois   .          Reflect  .   (helmet restricted)
rElec   .          Harm     .   (no cloak)
rCorr   .          Rampage  .   (no gloves)
Will    .....                   (no boots)
Stlth   ++........              (no amulet)
HPRegen 0.09/turn               (no ring)
MPRegen 0.10/turn               (no ring)

@: brilliant, lethally poisoned (-1 -> -12)
A: AC +5, unfitting armour, cold-blooded
a: Renounce Religion, Stomp, Line Pass


You were on level 2 of the Dungeon.
You worshipped Uskayaw.
Uskayaw was noncommittal.
You visited 1 branch of the dungeon, and saw 2 of its levels.

You collected 61 gold pieces.

Inventory:

Hand Weapons
 d - a +0 dagger
 f - a +0 dagger (weapon)
 g - a +0 whip
 k - a +0 dagger
 l - a +0 short sword
 p - a +0 dagger
Missiles
 b - 24 stones
 n - 5 javelins
Armour
 c - a +0 robe
 m - a +0 ring mail
 o - a +0 chain mail
 q - a +0 buckler
Scrolls
 j - a scroll of teleportation
Potions
 a - a potion of magic
 e - a potion of brilliance
 h - a potion of lignification {unknown}
 i - a potion of resistance {unknown}
 r - a potion of might {unknown}


   Skills:
 + Level 0.4 Fighting
 + Level 0.1 Short Blades
 + Level 0.3 Throwing
 + Level 2.4 Dodging
 + Level 2.0 Stealth
 + Level 2.2 Spellcasting
 + Level 4.4 Ice Magic


You had 5 spell levels left.
You knew the following spells:

 Your Spells              Type           Power      Damage    Failure   Level
a - Freeze                Ice            100%       1d11      3%          1

Your spell library contained the following spells:

 Spells                   Type           Power      Damage    Failure   Level
 Frozen Ramparts          Ice            50%        1d7       10%         3
 Ozocubu's Armour         Ice            25%        N/A       10%         3
 Hailstorm                Conj/Ice       14%        3d5       58%         4


Dungeon Overview and Level Annotations

Branches:
Dungeon (2/15)

Altars:
Uskayaw


Innate Abilities, Weirdness & Mutations

Your plain brown scales are hard. (AC +5)
You cannot fit into any form of body armour.
You are cold-blooded and may be slowed by cold attacks.


Message History

The adder is moderately wounded.
You feel sick. The adder bites you.
You are more poisoned.
The adder poisons you! The adder barely misses you.
You closely miss the adder.
The adder is moderately wounded.
You feel very sick. The adder bites you but does no damage.
You hit the adder.
The adder is heavily wounded.
You feel sick. The adder bites you.
You are more poisoned.
The adder poisons you!
You miss the adder.
The adder is heavily wounded.
You feel very sick. The adder bites you. x2
* * * LOW HITPOINT WARNING * * *
You are more poisoned.
The adder poisons you!
Aiming: Freeze (safe; 3% risk of failure)
Press: ? - help, Q - select action, (/) - cycle Shift-Dir - straight line, f/p - adder
Aim: an adder (heavily wounded)
You freeze the adder.
The adder is severely wounded.
* * * LOW HITPOINT WARNING * * *
You feel very sick. The adder bites you but does no damage.
You can now pass through a line of other dancers.
Unknown command.
Aiming: Freeze (safe; 3% risk of failure)
Press: ? - help, Q - select action, (/) - cycle Shift-Dir - straight line, f/p - adder
Aim: an adder (severely wounded)
You freeze the adder.
You kill the adder!
* * * LOW HITPOINT WARNING * * *
You feel very sick.
It was a potion of brilliance.
You feel clever all of a sudden.
You die...

#.......>......##.# ##..#
##.#.####.###.###.###...#
#...# #..<..# #.#....##
##..#####..### #.#.#....
##.......######...#..##
##.....#.............#
####...##.##..###..####.#
#....#.............# #.#
#.##....#@....#.##.# #.#
......#.#..†.###..#.# #.#
#...####.#.##..###.#.#
#.# #.# #...###.# ...# ..
#..## ... ##.# .. #..
...# .# #..# ...# # ...
##.# ..#. ..


There were no monsters in sight!

Vanquished Creatures
  An adder (D:2)
  A worm (D:2)
  A dart slug (D:2)
  3 bats (D:1)
  3 endoplasms
  A giant cockroach (D:1)
  4 goblins (D:1)
  4 hobgoblins
  2 kobolds
  2 quokkas (D:1)
  4 ball pythons
  3 frilled lizards (D:1)
  A rat (D:1)
30 creatures vanquished.

Vanquished Creatures (others)
  A fungus (D:1)
  8 plants (D:1)
9 creatures vanquished.

Grand Total: 39 creatures vanquished

Notes
Turn   | Place    | Note
-------+----------+-------------------------------------------
     0 | D:1      | Meatmasher the Draconian Ice Elementalist began the quest
                  | for the Orb.
     0 | D:1      | Reached XP level 1. HP: 14/14 MP: 3/3
   148 | D:1      | Found a faded altar of an unknown god.
   179 | D:1      | Prayed at the altar of an unknown god.
   179 | D:1      | Became a worshipper of Uskayaw the Reveller
   179 | D:1      | Reached * piety under Uskayaw
   408 | D:1      | Reached XP level 2. HP: 16/20 MP: 3/5
   648 | D:1      | Reached ** piety under Uskayaw
   652 | D:1      | Reached *** piety under Uskayaw
   657 | D:1      | Reached **** piety under Uskayaw
  1903 | D:2      | Reached XP level 3. HP: 17/27 MP: 2/6
  2113 | D:2      | Succumbed to an adder's poison

Illustrated notes

Levels and vault maps discovered:
D:1:      dpeg_arrival_pits, layout_basic, shapermc_ecumenical_altar_petra,
          chequers_big_river
D:2:      layout_rooms, serial_shops, nicolae_shop_trees,
          kennysheep_pointless_box, minmay_tromino_v7

Skill      XL: |  1  2 |
---------------+-------+-----
Dodging        | 2 |  2.4
Stealth        | 2 |  2.0
Fighting       | |  0.4
Short Blades   | |  0.1
Throwing       | |  0.3
Spellcasting   | |  2.2
Ice Magic      | |  4.4

Action                   || total
-------------------------++-------
Melee: Unarmed           ||    34
       Tailslap          ||    23
       Dagger            ||    71
Throw: Javelin           ||     9
       Stone             ||     9
 Cast: Freeze            ||    24
Invok: Stomp             ||     2
  Use: Scroll            ||     2
       Potion            ||     1
 Stab: Sleeping          ||     2
Armor: Skin              ||    40
Dodge: Dodged            ||    74

Table legend: (Time is in decaauts)
 A = Elapsed time spent in this place.
 B = Non-inter-level travel time spent in this place.
 C = Inter-level travel time spent in this place.
 D = Time resting spent in this place.
 E = Time spent auto-exploring this place.
 F = Levels seen in this place.
 G = Mean time per level.
                   A        B        C        D        E       F      G
               +--------+--------+--------+--------+--------+-----+--------+
         Total |   2133 |   1470 |    663 |    421 |    607 |   2 | 1066.5 |
       Dungeon |   2133 |   1470 |    663 |    421 |    607 |   2 | 1066.5 |
               +--------+--------+--------+--------+--------+-----+--------+

Top non-repeatable levels by time:
     D:1: 1895 daAuts
     D:2: 237 daAuts
